 Dungeon Crawl Stone Soup version 0.29-a0-837-g174bc33265 (webtiles) character file.

Game seed: 3875674871866473589

142 PentaManta the Ducker (level 5, -5/38 HPs)
             Began as a Merfolk Gladiator on July 13, 2022.
             Slain by a water moccasin (6 damage)
             ... in a sewer.
             The game lasted 00:05:32 (4237 turns).

PentaManta the Ducker (Merfolk Gladiator)           Turns: 4237, Time: 00:05:32

Health: -5/38      AC:  7    Str: 14    XL:     5   Next: 24%
Magic:  5/5        EV: 17    Int:  7    God:
Gold:   178        SH:  0    Dex: 18    Spells: 4/4 levels left

rFire   + . .      SeeInvis .   q - +0 falchion
rCold   . . .      Faith    .   (no shield)
rNeg    . . .      Spirit   .   t - +0 ring mail
rPois   .          Reflect  .   c - +1 helmet
rElec   .          Harm     .   (no cloak)
rCorr   .          Rampage  .   (no gloves)
Will    +....      Clarity  +   (no boots)
Stlth   +.........              (no amulet)
HPRegen 0.12/turn               l - +4 ring of evasion
MPRegen 0.09/turn               s - ring of protection from fire

@: mighty, lethally poisoned (-5 -> -11)
A: (nimble swimmer 2), mertail, clarity, strong-willed 1, subdued magic 1
a: no special abilities


You were in a sewer.
You visited 1 branch of the dungeon, and saw 4 of its levels.
You also visited: Sewer.

You collected 178 gold pieces.

Inventory:

Hand Weapons
 a - a +0 long sword
 p - a +0 rapier
 q - a +0 falchion (weapon)
Missiles
 g - 2 boomerangs (quivered)
 u - 2 poisoned darts
Armour
 b - a +0 leather armour
 c - a +1 helmet (worn)
 t - a +0 ring mail (worn)
Jewellery
 l - a +4 ring of evasion (left hand)
 n - an amulet of faith
 r - a ring of magical power
 s - a ring of protection from fire (right hand)
Scrolls
 j - a scroll of fog {unknown}
 k - a scroll of identify
 m - 2 scrolls of teleportation
Potions
 f - a potion of might


   Skills:
 - Level 2.1 Fighting
 + Level 5.5 Long Blades
 - Level 2.0 Throwing
 + Level 6.1 Dodging


You had 4 spell levels left.
You didn't know any spells.
Your spell library contained the following spells:

 Spells                   Type           Power      Damage    Failure   Level
 Apportation              Tloc           0%         N/A       63%         1
 Necrotise                Necr           0%         1d4       63%         1
 Summon Small Mammal      Summ           0%         N/A       63%         1
 Ensorcelled Hibernation  Hex/Ice        0%         N/A       78%         2
 Passwall                 Tmut/Erth      0%         N/A       78%         2
 Gell's Gravitas          Tloc           0%         N/A       95%         3
 Swiftness                Air            0%         N/A       95%         3
 Teleport Other           Tloc           0%         N/A       95%         3
 Dispersal                Tloc           0%         N/A       100%        6


Dungeon Overview and Level Annotations

Branches:
Dungeon (4/15)              Sewer (1/1)
 Temple: D:4-7

Altars:

Shops:
D:2 *

Annotations:
D:2 1 runed translucent door, Crazy Yiuf
D:4 Eustachio


Innate Abilities, Weirdness & Mutations

((You are very nimble when in or above water. (Stealth+, EV+, Speed+++)))
Your lower body shifts to a powerful aquatic tail in water.
You possess an exceptional clarity of mind.
You are strong-willed. (Will+)
Your spells are a little easier to cast, but a little less powerful.


Message History

You feel very sick. The water moccasin bites you.
You are lethally poisoned!
The water moccasin poisons you! The water moccasin bites you.
It was a potion of mutation.
You feel extremely strange.
Your thoughts seem clearer.
You feel strong-willed.
Your connection to magic feels subdued.
You feel very sick. The water moccasin closely misses you.
The water moccasin misses you.
It was a potion of resistance.
You feel protected.
* * * LOW HITPOINT WARNING * * *
You feel very sick. The water moccasin barely misses you.
It was a potion of lignification.
You turn into a tree.
Your +1 helmet melds into your body.
Your +0 ring mail melds into your body.
Your roots penetrate the ground.
* * * LOW HITPOINT WARNING * * *
You feel very sick.
The water moccasin bites you but does no damage. x2
You closely miss the water moccasin.
The water moccasin is heavily wounded.
* * * LOW HITPOINT WARNING * * *
You feel very sick.
The water moccasin bites you but does no damage.
It was a potion of cancellation.
Your magical effects are unravelling.
You feel magically purged.
You feel less wooden.
Your +1 helmet unmelds from your body.
Your +0 ring mail unmelds from your body.
Your resistance to elements expires.
* * * LOW HITPOINT WARNING * * *
You feel sick. The water moccasin bites you.
* * * LOW HITPOINT WARNING * * *
Unknown command.
You feel very mighty all of a sudden.
* * * LOW HITPOINT WARNING * * *
You feel sick. The water moccasin bites you.
You die...

######## ###.≈....###
###....≈≈....### #
###..≈..####≈≈..≈##./#
#.....### ###≈.@S(#
≈≈≈..## ##≈.≈...#
#.≈..≈# #≈....###
###.≈≈≈.# .....##.[#
###.≈..≈ ....### $(#
##......## ## ######


You could see a water moccasin.

Vanquished Creatures
  An iguana (D:4)
  3 adders
  A worm (D:4)
  2 dart slugs
  6 orcs (D:3)
  7 endoplasms
  5 giant cockroaches
  8 goblins
  8 hobgoblins
  3 jackals (Sewer)
  A quokka (D:3)
  10 ball pythons
  6 bats
  6 frilled lizards
  3 kobolds
  2 rats
72 creatures vanquished.

Vanquished Creatures (others)
  4 plants (D:3)
4 creatures vanquished.

Grand Total: 76 creatures vanquished

Notes
Turn   | Place    | Note
-------+----------+-------------------------------------------
     0 | D:1      | PentaManta the Merfolk Gladiator began the quest for the
                  | Orb.
     0 | D:1      | Reached XP level 1. HP: 16/16 MP: 1/1
   129 | D:1      | Reached XP level 2. HP: 22/22 MP: 2/2
   974 | D:2      | Found Itrup's Assorted Antiques.
  1039 | D:2      | Reached XP level 3. HP: 27/27 MP: 3/3
  1177 | D:2      | Reached skill level 5 in Dodging
  1620 | D:2      | Reached XP level 4. HP: 31/33 MP: 4/4
  2127 | D:2      | Found a faded altar of an unknown god.
  2261 | D:2      | Found a runed translucent door.
  2262 | D:2      | Noticed Crazy Yiuf
  2487 | D:3      | Reached skill level 5 in Long Blades
  3855 | D:4      | Noticed Eustachio
  3937 | D:4      | Reached skill level 6 in Dodging
  3937 | D:4      | Reached XP level 5. HP: 25/38 MP: 5/5
  4067 | D:4      | Found a glowing drain.
  4089 | Sewer    | Entered a sewer
  4224 | Sewer    | Noticed a water moccasin
  4232 | Sewer    | Gained mutation: You possess an exceptional clarity of
                  | mind. [potion of mutation]
  4232 | Sewer    | Gained mutation: You are strong-willed. (Will+) [potion of
                  | mutation]
  4232 | Sewer    | Gained mutation: Your spells are a little easier to cast,
                  | but a little less powerful. [potion of mutation]
  4237 | Sewer    | HP: 1/38 [poisoned by a water moccasin]
  4237 | Sewer    | Slain by a water moccasin

Illustrated notes

Levels and vault maps discovered:
D:1:      minmay_arrival_radiant_lines, layout_loops_ring
D:2:      minmay_inner_zag, layout_loops_ring, serial_shops, shop_statue,
          dilly_ecumenical_altar_fadedgnrine, st_stairs_13, minmay_hexomino_f4,
          uniq_crazy_yiuf_cottage
D:3:      layout_loops_ring, minmay_hedge_maze, minmay_shallow_snake_nest
D:4:      layout_basic, cheibrodos_sewer_entry_sluice, minmay_quadrilaterals,
          uniq_blork_the_orc, uniq_eustachio
Sewer:    sewer_the_moccasin

Skill      XL: |  1  2  3  4 |
---------------+-------------+-----
Long Blades    | 4 5 |  5.5
Dodging        | 5 6 |  6.1
Fighting       | |  2.1
Throwing       | |  2.0

Action                   |  1- 3 |  4- 6 || total
-------------------------+-------+-------++-------
Melee: Long sword        |    21 |       ||    21
       Short sword       |    95 |       ||    95
       Punch             |     2 |     3 ||     5
       Rapier            |    13 |     9 ||    22
       Falchion          |       |   173 ||   173
Throw: Boomerang         |       |     4 ||     4
       Throwing net      |       |     3 ||     3
       Javelin           |       |     1 ||     1
  Use: Scroll            |       |     5 ||     5
       Potion            |       |     5 ||     5
 Stab: Sleeping          |     1 |       ||     1
Armor: Leather armour    |    29 |    14 ||    43
       Ring mail         |       |    28 ||    28
       Skin              |       |     3 ||     3
Dodge: Dodged            |    90 |   168 ||   258

Table legend: (Time is in decaauts)
 A = Elapsed time spent in this place.
 B = Non-inter-level travel time spent in this place.
 C = Inter-level travel time spent in this place.
 D = Time resting spent in this place.
 E = Time spent auto-exploring this place.
 F = Levels seen in this place.
 G = Mean time per level.
                   A        B        C        D        E       F      G
               +--------+--------+--------+--------+--------+-----+--------+
         Total |   4241 |   3909 |    332 |     67 |   3153 |   5 |  848.2 |
       Dungeon |   4098 |   3766 |    332 |      0 |   3114 |   4 | 1024.5 |
         Sewer |    143 |    143 |      0 |     67 |     39 |   1 |  143.0 |
               +--------+--------+--------+--------+--------+-----+--------+

Top non-repeatable levels by time:
     D:3: 1603 daAuts
     D:2: 1412 daAuts
     D:1: 915 daAuts
     D:4: 167 daAuts
   Sewer: 143 daAuts
